 Dungeon Crawl Stone Soup version 0.18.1-50-g88ac8fd (webtiles) character file.

61 epen the Insei (level 3, -1/26 HPs)
             Began as a Demonspawn Transmuter on Aug 20, 2017.
             Slain by a gnoll
             ... wielding a +0 spear
              (6 damage)
             ... on level 3 of the Dungeon.
             The game lasted 00:02:59 (2098 turns).

epen the Insei (Demonspawn Transmuter)              Turns: 2098, Time: 00:03:00

Health: -1/26      AC:  5    Str: 10    XL:     3   Next: 83%
Magic:  5/6        EV: 12    Int: 15    God:
Gold:   62         SH:  0    Dex: 13    Spells: 3 memorised, 0 levels left

rFire  . . .     SeeInvis .       - Unarmed
rCold  . . .     Gourm    .     b - +1 robe
rNeg   . . .     Faith    .     (no shield)
rPois  .         Spirit   .     (no helmet)
rElec  .         Dismiss  .     (no cloak)
rCorr  .         Reflect  .     (no gloves)
SustAt .         Harm     .     (no boots)
MR     .....                    (no amulet)
Stlth  ++........               (no ring)
                                (no ring)

@: not resistant to hostile enchantments, unstealthy
A: thin metallic scales 1, nightstalker 1
a: no special abilities


You were on level 3 of the Dungeon.
You were near starving.

You visited 1 branch of the dungeon, and saw 3 of its levels.

You collected 62 gold pieces.

Inventory:

Missiles
 a - 23 arrows
Armour
 b - a +1 robe (worn)
Scrolls
 j - a scroll of immolation
 l - 3 scrolls of identify
 m - a scroll of magic mapping
Books
 c - a book of Changes

   Spells                             Type                      Level
   a - Beastly Appendage              Transmutation                1
   b - Sticks to Snakes               Transmutation                2
   c - Spider Form                    Transmutation/Poison         3
   d - Ice Form                       Ice/Transmutation            4
   e - Blade Hands                    Transmutation                5
Comestibles
 d - a bread ration
 h - a meat ration
 i - 2 slices of pizza


   Skills:
 + Level 1.5 Fighting
 + Level 2.2 Dodging
 * Level 3.3 Unarmed Combat
 + Level 2.4 Spellcasting
 + Level 2.1 Transmutations


You couldn't memorise any spells.
You knew the following spells:

 Your Spells              Type           Power        Failure   Level  Hunger
a - Beastly Appendage     Trmt           #.....       12%         1    #......
b - Sticks to Snakes      Trmt           #.......     14%         2    ###....
c - Spider Form           Trmt/Pois      #.........   43%         3    ###....


Dungeon Overview and Level Annotations

Branches:
Dungeon (3/15)

Altars:
Yredelemnul


Innate Abilities, Weirdness & Mutations

You are partially covered in thin metallic scales (AC +2).
You are slightly more attuned to the shadows.


Message History

The gnoll dies!
You hit the gnoll.
The gnoll is lightly wounded.
Your adder bites the gnoll. x2
You hit the gnoll.
You kill the gnoll!
The gnoll barely misses you.
You swap places.
The gnoll hits you with a spear.
You hit the gnoll but do no damage. The gnoll hits you with a spear.
The gnoll hits you with a spear!
* * * LOW HITPOINT WARNING * * *
Your adder bites the gnoll.
The gnoll is poisoned.
Your adder poisons the gnoll!
You closely miss the gnoll.
The gnoll is lightly wounded.
Your adder bites the gnoll.
The gnoll misses you.
You hit the gnoll but do no damage.
The gnoll is severely wounded.
Your adder bites the gnoll.
The gnoll hits you with a spear.
You die...

********,,,..# #.# *,,,,,,,,*
,,,,,,,,,**######.#####*,,,,,*,**
**********,...........#*,,,,**,*,
,,* *,######.###.#*,*,***,*, *,**
*,* #..# *,**,*,***,*, ,,,** *,*
#.## *,**,*,,,,,,, *,<,* *,* #.#
*,**,,,,,,,,, **,,* *,*
#S####.##,,****,,, ,,,,* *,*
#@g.....#,,* **** ,,,,* *,*
**######..#,,* *,,** *,*
*,,,,,,,,,*,,**** *,,*
*,***,******,,*,,,,,* *,,****
*,,,,,*≈≈∩≈*,,**,**,* ,,,,,,*
****,,**++**,,**,**,* ,,,**,*
*,,,*≈≈*,,,**,**,* **,**,*
**,**≈≈**,,**,**,**** **,**,*
**,*≈≈≈≈*,,**,**,,,,,


You could see a gnoll and a friendly adder.

Vanquished Creatures
  A gnoll (D:3)
  An ooze (D:1)
  A worm (D:2)
  10 bats
  3 giant cockroaches
  4 goblins (D:1)
  2 hobgoblins (D:1)
  4 jackals (D:1)
  A giant newt (D:2)
  4 kobolds
  2 rats (D:1)
33 creatures vanquished.

Vanquished Creatures (collateral kills)
  A gnoll (D:3)
1 creature vanquished.

Grand Total: 34 creatures vanquished

Notes
Turn   | Place    | Note
--------------------------------------------------------------
     0 | D:1      | epen the Demonspawn Transmuter began the quest for the Orb.
     0 | D:1      | Reached XP level 1. HP: 15/15 MP: 3/3
   342 | D:1      | Gained mutation: You are partially covered in thin metallic scales (AC +2). [demonic ancestry]
   342 | D:1      | Reached XP level 2. HP: 21/21 MP: 5/5
   416 | D:1      | Reached skill level 3 in Unarmed Combat
   429 | D:1      | Learned a level 2 spell: Sticks to Snakes
  1087 | D:2      | Gained mutation: You are slightly more attuned to the shadows. [demonic ancestry]
  1087 | D:2      | Reached XP level 3. HP: 23/26 MP: 6/6
  1129 | D:2      | Learned a level 3 spell: Spider Form
  1420 | D:2      | Found a basalt altar of Yredelemnul.
  2098 | D:3      | Slain by a gnoll

Skill      XL: |  1  2 |
---------------+-------+-----
Transmutations | 2 |  2.1
Unarmed Combat | 3 |  3.3
Dodging        | 2 |  2.2
Fighting       | |  1.5
Spellcasting   | |  2.4

Action                   || total
-------------------------++-------
Melee: Unarmed           ||   163
       Kick              ||     4
       Headbutt          ||     2
       Punch             ||     2
 Cast: Beastly Appendage ||     6
       Sticks to Snakes  ||     1
  Use: Scroll            ||     7
 Stab: Sleeping          ||     5
  Eat: Chunk             ||     2
Armor: Robe              ||    76
Dodge: Dodged            ||   149
